Map: Oceanborn LE

Players

Kelazhur - Winner!

  • Race: Terran Terran
  • League: Master
  • Spawn Location: 5:00

ForJumyyyy (ForJumy)

  • Race: Protoss Protoss
  • League: Master
  • Spawn Location: 11:00

Event: HomeStory Cup XXV

VOD

Have the link to the VOD?

Description

Time

  • Played on: June 22, 2024, 9:46 a.m.
  • Length: 21:01

All games in this series

Show
View Real Time Build Order
Export as new Build Order

Kelazhur Terran - Winner!

Build Orders: Cyclone Opening 

Get SALT Encoding   

  12  0:00  SCV  
  13  0:12  SCV  
  14  0:16  Supply Depot  
  14  0:24  SCV  
  15  0:38  SCV  
  15  0:39  Barracks  
  16  0:42  Refinery  
  16  0:50  SCV  
  16  0:52  Refinery  
  17  1:02  SCV  
  18  1:14  SCV  
  19  1:22  Supply Depot  
  19  1:30  Orbital Command, Reaper  
  20  1:43  Factory  
  20  1:55  SCV  
  21  2:02  Barracks Reactor  
  21  2:08  SCV  
  22  2:18  Command Center  
  22  2:20  SCV  
  23  2:29  Cyclone  
  25  2:32  SCV  
  26  2:38  Supply Depot  
  26  2:47  SCV  
  26  2:49  Starport  
  26  2:53  Marine  
  26  2:54  Marine  
  28  2:59  SCV  
  28  3:01  Widow Mine  
  31  3:11  SCV, Marine x2  
  34  3:23  SCV, Widow Mine  
  34  3:25  Medivac  
  39  3:29  Marine x2  
  41  3:35  Orbital Command  
  41  3:38  SCV  
  42  3:45  Factory Tech Lab  
  42  3:49  Marine x2  
  42  3:50  SCV, Barracks  
  45  3:56  Barracks  
  45  3:57  Starport Tech Lab  
  45  4:01  SCV  
  45  4:02  SCV  
  47  4:08  Siege Tank  
  50  4:14  SCV, Marine  
  52  4:19  Marine  
  52  4:22  Supply Depot  
  53  4:26  SCV  
  54  4:38  Supply Depot  
  54  4:42  Bunker  
  54  4:43  Raven, SCV x2, Marine x2  
  60  4:46  Barracks Tech Lab  
  60  4:47  Barracks Tech Lab  
  60  4:55  SCV x2  
  60  4:59  Siege Tank  
  65  5:01  Refinery  
  65  5:02  Engineering Bay  
  65  5:08  SCV x2  
  65  5:20  SCV x2  
  59  5:23  Marine x3  
  59  5:27  Stimpack  
  60  5:32  SCV x2  
  62  5:43  Marine x3  
  62  5:44  SCV x2  
  67  5:50  Marine  
  67  5:53  Terran Infantry Weapons Level 1  
  67  5:56  Combat Shield, SCV x2  
  70  6:06  Supply Depot  
  70  6:07  Refinery  
  70  6:09  Starport Reactor  
  70  6:10  Marine x4  
  70  6:11  SCV x2  
  76  6:20  Factory Reactor  
  76  6:23  SCV  
  76  6:24  SCV  
  77  6:28  Marine x2  
  79  6:35  SCV  
  79  6:36  SCV  
  78  6:41  Marine  
  78  6:47  SCV  
  78  6:48  SCV  
  78  6:52  Marine  
  81  6:54  Command Center  
  81  6:55  Medivac  
  81  6:59  SCV  
  81  7:00  Widow Mine  
  86  7:01  Supply Depot  
  86  7:10  Barracks  
  86  7:13  Barracks  
  86  7:16  Marine x3, Viking  
  86  7:17  SCV x2  
  86  7:20  Concussive Shells, Marine  
  94  7:23  Widow Mine  
  94  7:26  Medivac  
  94  7:29  SCV  
  99  7:31  Supply Depot  
  99  7:33  SCV  
  102  7:37  Widow Mine  
  102  7:47  Supply Depot, Terran Infantry Armor Level 1  
  102  7:52  SCV, Marine, Marauder x2, Medivac  
  102  7:54  Supply Depot  
  110  8:05  Marine  
  110  8:06  SCV x2, Widow Mine, Medivac  
  110  8:10  Marauder, Barracks Reactor  
  119  8:18  SCV x2  
  118  8:22  Marauder  
  118  8:23  Marine, Marauder  
  117  8:27  Widow Mine x2, Medivac  
  117  8:30  SCV  
  117  8:31  SCV  
  125  8:35  Ghost Academy  
  125  8:36  Marine, Marauder, Medivac  
  125  8:39  Missile Turret  
  130  8:46  SCV x2  
  132  8:50  Missile Turret  
  132  8:51  Marauder  
  132  8:53  Missile Turret  
  132  8:54  Missile Turret  
  134  8:55  Orbital Command  
  134  8:59  Marauder  
  134  9:02  SCV x2  
  138  9:04  Marine  
  138  9:09  Marauder  
  141  9:22  Supply Depot  
  141  9:23  Supply Depot  
  141  9:42  SCV x2  
  141  9:43  SCV, Marine, Ghost x2, Medivac  
  141  9:44  Marine x4, Medivac  
  148  9:56  SCV  
  148  9:57  SCV x2  
  124  10:01  Marine  
  124  10:02  Marine x3, Marauder  
  122  10:12  Marauder x2  
  106  10:19  Marine  
  106  10:20  Marine x3  
  100  10:23  Marauder  
  93  10:30  SCV x2  
  93  10:34  Marauder x2  
  97  10:37  Marine  
  97  10:38  Marine x3  
  99  10:45  Marauder  
  99  10:49  Command Center  
  101  10:53  Armory, Widow Mine x2  
  101  10:54  Marine  
  101  10:55  Liberator x2, Marauder x2  
  116  11:01  Marine x3  
  119  11:05  Ghost  
  119  11:10  Supply Depot  
  121  11:15  Widow Mine x2  
  125  11:27  Ghost x2  
  125  11:28  Marine x4  
  133  11:35  Marauder  
  133  11:36  Widow Mine x2  
  139  11:41  Supply Depot  
  139  11:43  Medivac  
  139  11:46  Marine  
  142  11:58  Marauder  
  144  12:02  Orbital Command  
  144  12:05  SCV x2  
  144  12:07  Terran Infantry Weapons Level 2  
  144  12:08  Marine x2  
  147  12:09  Marine x2  
  147  12:10  Marauder x2  
  154  12:17  SCV x2  
  154  12:18  Widow Mine x2  
  154  12:19  Marine  
  161  12:31  Marauder x2  
  167  12:37  Marauder  
  167  12:39  Widow Mine x2  
  167  12:42  Viking  
  173  12:50  Marine  
  173  12:51  Marine  
  172  12:53  Marauder x2  
  148  12:58  Marauder  
  148  13:00  Marine x2  
  108  13:08  Marine  
  108  13:09  Marine  
  94  13:14  Marauder x2  
  94  13:16  Orbital Command  
  94  13:18  Marine x2  
  100  13:20  Marauder  
  100  13:26  Marine x2  
  99  13:30  Medivac  
  90  13:35  Marauder  
  90  13:36  Marauder  
  88  13:50  Marine x2  
  67  14:33  Orbital Command  
  8  15:40  SCV  
  9  15:52  SCV  
  10  16:04  SCV  
  11  16:16  SCV  
  13  16:34  Factory  
  10  16:47  Starport Tech Lab  
  9  17:10  Orbital Command  
  9  17:22  Hellion  
  11  18:34  SCV  
  11  18:46  SCV  
Show
View Real Time Build Order
Export as new Build Order

ForJumyyyy Protoss 

Build Orders: 1 Gate Expand, Zealot Archon 

Get SALT Encoding   

  12  0:00  Probe  
  13  0:12  Probe  
  14  0:17  Pylon  
  14  0:24  Probe  
  15  0:36  Probe (Chrono Boost)  
  15  0:37  Gateway  
  16  0:47  Assimilator, Probe (Chrono Boost)  
  17  0:51  Probe (Chrono Boost)  
  18  1:02  Probe  
  19  1:15  Probe  
  20  1:24  Cybernetics Core  
  20  1:36  Nexus  
  19  1:42  Pylon  
  19  1:45  Probe  
  20  1:50  Assimilator  
  20  1:57  Adept (Chrono Boost), Probe  
  23  2:04  Warp Gate  
  23  2:09  Probe  
  24  2:20  Adept  
  24  2:21  Probe  
  27  2:30  Twilight Council  
  27  2:33  Probe  
  28  2:43  Gateway  
  28  2:45  Probe (Chrono Boost)  
  28  2:49  Probe (Chrono Boost)  
  29  2:57  Probe (Chrono Boost)  
  29  2:58  Probe (Chrono Boost)  
  31  3:01  Probe (Chrono Boost)  
  31  3:03  Probe (Chrono Boost)  
  33  3:09  Robotics Facility  
  34  3:17  Probe x2 (Chrono Boost)  
  34  3:19  Shield Battery  
  33  3:25  Probe x2 (Chrono Boost)  
  33  3:26  Gateway  
  34  3:27  Charge (Chrono Boost)  
  35  3:36  Probe  
  35  3:38  Probe  
  35  3:39  Pylon  
  37  3:49  Probe  
  37  3:50  Probe  
  37  3:52  Stalker x2  
  43  3:56  Warp Prism (Chrono Boost)  
  45  4:03  Probe  
  45  4:06  Probe  
  47  4:10  Pylon  
  47  4:15  Probe  
  47  4:16  Stalker x2  
  52  4:19  Probe  
  51  4:32  Zealot  
  51  4:34  Probe  
  51  4:36  Pylon  
  52  4:42  Zealot x3  
  52  4:43  Observer  
  60  4:49  Nexus  
  60  4:50  Pylon  
  60  4:52  Probe  
  59  4:53  Probe  
  60  5:05  Zealot x3  
  60  5:06  Probe  
  67  5:07  Probe  
  67  5:10  Templar Archives  
  68  5:18  Probe  
  61  5:23  Probe  
  61  5:25  Assimilator x2  
  62  5:30  Probe  
  62  5:32  Forge  
  62  5:35  Probe  
  64  5:41  Zealot x3  
  70  5:43  Probe (Chrono Boost)  
  70  5:47  Probe (Chrono Boost), Psionic Storm  
  71  5:55  Probe (Chrono Boost)  
  72  5:59  Probe (Chrono Boost)  
  72  6:02  Gateway  
  72  6:03  Gateway  
  75  6:05  Probe x2 (Chrono Boost)  
  75  6:07  Probe (Chrono Boost)  
  75  6:10  High Templar  
  75  6:11  High Templar  
  81  6:13  Probe (Chrono Boost)  
  81  6:14  Probe (Chrono Boost)  
  81  6:15  Zealot  
  82  6:19  Archon, Probe  
  82  6:24  Probe  
  82  6:25  Probe  
  81  6:28  Protoss Ground Armor Level 1 (Chrono Boost)  
  81  6:31  Probe  
  81  6:36  Probe  
  80  6:44  Probe (Chrono Boost)  
  80  6:45  Zealot x3  
  85  6:55  Probe (Chrono Boost)  
  85  6:56  Probe (Chrono Boost)  
  85  6:59  Gateway x2  
  85  7:00  Gateway  
  84  7:02  High Templar  
  84  7:03  Gateway  
  84  7:05  Probe (Chrono Boost)  
  84  7:06  High Templar, Probe (Chrono Boost)  
  84  7:07  Photon Cannon  
  84  7:08  Warp Prism (Chrono Boost)  
  89  7:12  Zealot x2  
  93  7:18  Pylon  
  93  7:25  Assimilator, Pylon  
  93  7:29  Pylon  
  93  7:41  Pylon x2  
  93  7:43  Probe x3, Immortal (Chrono Boost)  
  100  7:46  Pylon  
  100  7:47  High Templar x2  
  104  7:53  Shield Battery  
  104  7:55  Blink, Probe x3  
  107  8:01  Zealot x4  
  113  8:08  Probe x2  
  113  8:11  Zealot x3  
  100  8:21  Protoss Ground Armor Level 2 (Chrono Boost)  
  100  8:25  Warp Prism (Chrono Boost)  
  100  8:27  Zealot x2  
  100  8:28  Zealot  
  100  8:29  Probe  
  100  8:32  Probe  
  107  8:36  High Templar x2  
  107  8:37  Zealot x2  
  107  8:38  Probe  
  116  8:47  Probe  
  117  8:49  Probe  
  117  8:51  Immortal (Chrono Boost)  
  122  9:00  Zealot x5  
  132  9:03  Pylon  
  132  9:08  Pylon  
  132  9:09  Pylon  
  132  9:16  Assimilator, Probe  
  131  9:20  Observer (Chrono Boost)  
  131  9:23  Zealot x4  
  140  9:27  High Templar x4  
  148  9:31  Archon x2  
  148  9:33  Zealot, Pylon  
  138  9:44  Zealot x3  
  138  9:48  Stalker  
  133  9:55  Probe x2  
  106  10:01  Zealot x4  
  106  10:04  Archon  
  101  10:11  Zealot  
  101  10:13  Zealot x2  
  99  10:15  Archon, Probe (Chrono Boost)  
  99  10:17  Probe (Chrono Boost)  
  91  10:22  High Templar x4  
  91  10:23  Probe (Chrono Boost)  
  91  10:27  Probe (Chrono Boost)  
  93  10:34  Zealot  
  93  10:35  Zealot x2  
  95  10:37  Immortal (Chrono Boost)  
  97  10:46  High Templar x2  
  101  10:51  Archon  
  101  10:57  Zealot x6  
  101  11:02  Protoss Ground Weapons Level 1 (Chrono Boost)  
  113  11:04  Zealot  
  113  11:08  Warp Prism  
  117  11:17  High Templar x2  
  117  11:18  Sentry  
  122  11:20  Stalker, Zealot x2  
  122  11:21  Observer  
  122  11:22  Archon  
  122  11:23  Zealot  
  130  11:32  Stalker x2  
  130  11:39  Pylon  
  134  11:41  Stalker  
  134  11:42  Stalker  
  130  11:55  Pylon  
  130  12:00  Stalker x3, Pylon  
  136  12:05  Probe  
  136  12:08  High Templar  
  139  12:10  Probe  
  140  12:17  Zealot x2  
  140  12:19  Probe  
  145  12:34  Zealot x5  
  155  12:37  High Templar x2  
  155  12:41  Archon  
  155  12:42  Stalker  
  110  13:01  Zealot x5  
  109  13:09  Zealot x2  
  109  13:19  High Templar  
  104  13:21  High Templar  
  104  13:22  High Templar  
  106  13:33  High Templar x2  
  110  13:38  Pylon  
  105  13:46  Immortal  
  105  13:52  High Templar  
  97  14:07  High Templar x3  
  93  14:11  Archon  
  80  14:33  Observer  
  66  14:46  Archon  
  41  15:34  Archon  
  40  16:54  Archon  
Tags
 
Add a new tag
Caveats
  • Supply blocks, unpowered buildings, or Contaminate may cause inaccurate times.
  • Supply counts are checked every 10 seconds.